Map: Simulacrum LE

Players

BerryRAWR - Winner!

  • Race: Terran Terran
  • League: Master
  • Spawn Location: 11:00

MostafaDgay

  • Race: Protoss Protoss
  • League: Master
  • Spawn Location: 5:00

VOD

Have the link to the VOD?

Description

Time

  • Played on: April 30, 2020, 12:06 a.m.
  • Length: 22:38
Show
View Real Time Build Order
Export as new Build Order

BerryRAWR Terran - Winner!

Build Orders: Gas First Reaper Expand 

Get SALT Encoding   

  12  0:00  SCV  
  13  0:13  SCV  
  14  0:17  Supply Depot  
  14  0:25  SCV  
  15  0:29  Refinery  
  15  0:38  SCV  
  16  0:45  Barracks  
  16  0:52  SCV  
  17  1:04  SCV  
  18  1:16  SCV  
  19  1:32  Reaper, Orbital Command  
  20  1:45  Command Center  
  20  1:53  Bunker  
  20  1:59  Supply Depot  
  20  2:03  SCV  
  20  2:07  Marine  
  22  2:16  SCV  
  22  2:20  Factory  
  23  2:25  Barracks Reactor  
  23  2:28  SCV  
  24  2:40  SCV  
  24  2:42  Refinery  
  24  2:52  SCV  
  25  3:04  SCV  
  26  3:06  Starport  
  26  3:09  Orbital Command  
  26  3:10  Hellion x2  
  30  3:14  Marine  
  31  3:32  Hellion x2  
  31  3:33  SCV  
  35  3:36  Barracks Tech Lab  
  35  3:38  SCV  
  35  3:47  SCV  
  36  3:58  SCV  
  36  4:02  SCV  
  38  4:08  Marine x2  
  38  4:09  Supply Depot, Siege Tank  
  43  4:11  SCV  
  43  4:12  Supply Depot  
  43  4:15  Medivac  
  46  4:23  Supply Depot  
  46  4:30  Marine x2  
  46  4:31  SCV  
  49  4:32  SCV  
  49  4:35  Supply Depot  
  50  4:43  SCV  
  52  4:48  Marine x2  
  52  4:50  Siege Tank  
  57  4:55  SCV  
  57  4:57  SCV, Barracks  
  57  4:58  Barracks  
  58  5:00  Starport Reactor  
  58  5:06  Marine  
  59  5:07  SCV  
  59  5:08  Marine  
  59  5:09  SCV  
  59  5:10  Refinery  
  62  5:19  SCV  
  62  5:21  SCV  
  64  5:22  Siege Tank  
  64  5:24  Supply Depot  
  67  5:28  Marine x2  
  67  5:31  SCV  
  64  5:46  Marine x2  
  58  5:53  SCV x2  
  58  5:55  Barracks Tech Lab x2, Siege Tank  
  58  5:56  Viking  
  58  5:57  Viking  
  67  6:05  SCV x2  
  67  6:07  Supply Depot  
  67  6:08  Supply Depot, Marine x2  
  71  6:17  SCV  
  72  6:21  Combat Shield, Stimpack, Marauder x2  
  72  6:24  SCV  
  70  6:27  Marine x2  
  70  6:29  SCV  
  73  6:33  Siege Tank  
  73  6:36  SCV  
  77  6:41  Refinery  
  77  6:42  SCV  
  77  6:43  Marauder  
  80  6:48  SCV, Supply Depot  
  81  6:54  SCV  
  81  6:56  Liberator  
  81  6:57  Marine x2  
  81  6:59  Marauder  
  81  7:00  SCV  
  90  7:06  SCV  
  91  7:12  SCV  
  88  7:20  Marauder  
  88  7:21  Siege Tank  
  89  7:25  Marauder, Marine x2  
  93  7:34  Barracks  
  93  7:35  Supply Depot x2, Barracks  
  93  7:36  Supply Depot  
  93  7:37  Supply Depot  
  93  7:39  Liberator  
  93  7:40  Concussive Shells  
  93  7:42  Marauder  
  98  7:47  Marine x2  
  98  7:48  Medivac, Marauder  
  88  8:14  Marauder x2  
  88  8:18  Medivac  
  79  8:30  Barracks Reactor x2  
  79  8:33  Engineering Bay  
  77  8:35  Engineering Bay  
  77  8:36  Marauder x2  
  77  8:38  Command Center  
  79  8:52  Marauder  
  78  8:57  Marauder x2  
  78  9:01  Terran Infantry Weapons Level 1, Terran Infantry Armor Level 1  
  82  9:03  SCV x2  
  82  9:06  Marine x2  
  82  9:07  Supply Depot, Marine x2  
  82  9:08  Widow Mine x2  
  92  9:10  Medivac x2  
  92  9:13  Marauder  
  98  9:23  Supply Depot x2  
  98  9:26  Armory  
  98  9:39  Marauder, Widow Mine x2, Marine x4  
  98  9:40  Marauder x2  
  112  9:57  Marine  
  102  10:00  Widow Mine x2  
  102  10:03  Marauder x2, Marine x2  
  102  10:05  SCV x2  
  112  10:10  Marauder, Marine  
  112  10:11  Medivac x2  
  119  10:15  Marine  
  119  10:21  Marine x2  
  121  10:24  Widow Mine  
  121  10:25  Marauder x2  
  121  10:28  Missile Turret, Marine  
  129  10:29  Orbital Command  
  129  10:35  Widow Mine  
  131  10:41  Medivac, Marine  
  131  10:42  Marauder  
  136  10:44  Marine  
  136  10:46  Marauder, Widow Mine  
  137  10:52  Marauder  
  132  11:00  Marine  
  132  11:01  Widow Mine, Marine x2  
  135  11:07  Marauder, Widow Mine  
  135  11:09  SCV x2  
  141  11:12  Command Center  
  141  11:13  Terran Infantry Weapons Level 2  
  141  11:15  Terran Infantry Armor Level 2  
  139  11:18  SCV  
  139  11:20  Refinery  
  139  11:21  SCV  
  141  11:27  Medivac  
  141  11:31  Medivac  
  128  11:41  Widow Mine x2  
  132  12:00  Marine x2  
  132  12:01  Marauder, Marine  
  131  12:03  Marine  
  131  12:04  Marauder x2  
  137  12:10  Refinery  
  137  12:12  Starport  
  137  12:18  Marine x3  
  137  12:19  Viking x2  
  137  12:22  Marauder  
  142  12:23  Ghost Academy  
  142  12:31  Marauder x2, Marine  
  142  12:33  Supply Depot  
  142  12:35  Terran Ship Weapons Level 1  
  142  12:36  Marine  
  148  12:44  Marauder  
  144  12:46  Marine  
  144  12:49  Viking x3  
  149  12:53  Marauder x2  
  149  12:57  Marine  
  137  13:05  Marauder  
  128  13:07  Marine  
  121  13:14  Marauder x2  
  121  13:19  Viking  
  113  13:21  SCV  
  113  13:26  Marauder, Marine  
  116  13:28  Widow Mine  
  117  13:35  Marauder  
  117  13:38  Marauder, Marine  
  114  13:48  Marauder  
  94  13:50  Orbital Command  
  94  13:55  Marine  
  86  13:56  Widow Mine  
  86  13:57  Marine  
  84  14:04  Marine  
  83  14:11  Planetary Fortress  
  76  14:20  Widow Mine x2  
  76  14:23  SCV x2  
  78  14:25  SCV  
  78  14:27  Marine  
  78  14:30  Marine  
  83  14:31  Marine  
  83  14:32  Medivac  
  83  14:34  Medivac  
  83  14:37  Medivac  
  90  14:43  Terran Infantry Weapons Level 3  
  90  14:44  Marauder, Marine  
  92  14:45  SCV  
  92  14:48  SCV  
  92  14:49  SCV  
  95  14:57  SCV  
  95  15:00  SCV  
  95  15:06  Widow Mine x2  
  95  15:07  Marauder, Marine x2  
  91  15:08  Medivac x2  
  91  15:11  Marauder, Marine  
  102  15:14  SCV x3  
  105  15:22  Refinery  
  105  15:27  Command Center, Widow Mine  
  105  15:28  Widow Mine, Marine  
  109  15:29  Marauder  
  109  15:32  Marauder, Marine  
  96  15:54  Marauder  
  89  15:57  Widow Mine  
  89  15:58  Widow Mine  
  80  16:04  Marine  
  80  16:05  Marauder  
  80  16:06  Medivac  
  80  16:07  Medivac  
  80  16:08  Marauder, Marine  
  80  16:09  Marine  
  85  16:12  SCV x3  
  85  16:15  Marauder  
  85  16:16  Medivac  
  92  16:22  Marine  
  92  16:24  SCV  
  94  16:26  Marauder, Widow Mine x2  
  94  16:31  SCV x2  
  102  16:35  Barracks Reactor  
  102  16:36  Marine  
  102  16:37  Marauder  
  105  16:44  Marauder  
  101  16:59  Widow Mine  
  101  17:00  Widow Mine  
  103  17:01  SCV x3  
  103  17:08  Marauder, Marine x2  
  108  17:12  Marine  
  111  17:16  SCV x2  
  111  17:21  SCV  
  111  17:22  Missile Turret  
  112  17:28  Orbital Command  
  112  17:36  Marine  
  112  17:37  Marauder  
  115  17:39  Marine x2  
  115  17:40  Marauder, Marine  
  120  17:45  Medivac x2  
  120  17:49  Marauder  
  126  17:54  Marine  
  126  17:57  Marine x2  
  126  17:58  Marauder  
  131  18:01  Marauder  
  130  18:08  Missile Turret  
  130  18:10  Marauder  
  130  18:11  Missile Turret  
  126  18:22  Marauder, Marine x4  
  126  18:23  Marauder  
  126  18:24  Medivac  
  126  18:26  SCV x2  
  122  18:36  Marauder  
  122  18:40  Marine x3  
  122  18:44  Marauder x2  
  122  18:46  Marine  
  124  18:53  Widow Mine x2  
  124  18:54  SCV x2  
  124  18:55  SCV x2  
  131  18:58  Marauder  
  123  19:05  Marauder  
  113  19:10  Marauder, Marine x4  
  119  19:19  Marauder  
  119  19:23  Medivac x2  
  125  19:26  Marine  
  125  19:28  Marine x2  
  126  19:32  Marauder  
  126  19:36  Marine  
  126  19:37  Widow Mine x2, Marine  
  119  19:41  SCV x3, Marauder  
  119  19:44  Medivac, Marauder  
  128  19:45  Marine x2  
  130  19:52  Marine  
  130  19:54  Marine  
  93  20:19  Viking x3  
  93  20:20  Marauder x2, Marine x5  
  80  20:38  Marine x2  
  80  20:39  Marauder  
  80  20:42  Marauder, Marine x2  
  65  20:55  Marauder, Marine  
  56  21:00  Marauder  
  56  21:03  Marine x2  
  36  21:33  Orbital Command  
  36  21:39  Bunker x2  
  33  21:49  Barracks Tech Lab  
  33  21:53  Barracks Tech Lab  
  33  21:57  Barracks Tech Lab  
  33  22:08  Marauder x2  
  37  22:10  Starport Reactor  
  37  22:14  SCV x2  
  39  22:16  Marauder  
Show
View Real Time Build Order
Export as new Build Order

MostafaDgay Protoss 

Build Orders: 1 Gate Expand, Colossus Rush 

Get SALT Encoding   

  12  0:00  Probe  
  13  0:13  Probe  
  14  0:18  Pylon  
  14  0:25  Probe (Chrono Boost)  
  15  0:37  Probe (Chrono Boost), Gateway  
  16  0:45  Probe (Chrono Boost)  
  16  0:46  Assimilator  
  17  0:51  Probe  
  18  1:03  Probe  
  19  1:16  Probe  
  20  1:25  Cybernetics Core  
  21  1:38  Nexus  
  20  1:43  Probe  
  20  1:47  Pylon  
  20  1:52  Assimilator  
  20  1:55  Probe  
  20  1:58  Adept (Chrono Boost)  
  23  2:03  Warp Gate  
  23  2:10  Probe  
  24  2:19  Stalker (Chrono Boost)  
  26  2:25  Probe  
  27  2:37  Probe  
  28  2:50  Probe (Chrono Boost)  
  30  2:52  Robotics Facility  
  30  2:54  Probe (Chrono Boost)  
  30  3:01  Probe (Chrono Boost)  
  30  3:04  Probe (Chrono Boost)  
  32  3:05  Probe (Chrono Boost)  
  32  3:09  Gateway  
  33  3:13  Probe  
  33  3:16  Probe  
  35  3:25  Probe  
  36  3:28  Probe  
  36  3:31  Gateway  
  37  3:38  Probe  
  37  3:40  Robotics Bay  
  37  3:41  Probe  
  39  3:42  Assimilator  
  39  3:44  Assimilator  
  39  3:46  Warp Prism (Chrono Boost)  
  39  3:50  Probe  
  39  3:53  Probe  
  41  4:02  Probe, Pylon  
  42  4:05  Probe  
  42  4:07  Stalker  
  45  4:15  Pylon  
  45  4:17  Probe  
  45  4:20  Probe  
  45  4:22  Stalker  
  49  4:29  Probe, Stalker  
  49  4:30  Disruptor (Chrono Boost)  
  52  4:32  Probe  
  52  4:37  Pylon  
  56  4:41  Probe  
  56  4:44  Probe  
  58  4:46  Pylon  
  58  4:53  Probe  
  58  4:56  Probe, Stalker  
  58  4:58  Stalker  
  58  4:59  Gravitic Drive (Chrono Boost)  
  64  5:05  Probe  
  65  5:08  Probe  
  65  5:12  Gateway  
  65  5:13  Gateway  
  66  5:18  Stalker  
  66  5:20  Colossus (Chrono Boost)  
  68  5:22  Probe  
  71  5:39  Probe  
  67  5:49  Probe  
  68  5:51  Probe  
  68  5:55  Extended Thermal Lance  
  69  6:01  Probe  
  69  6:02  Pylon  
  69  6:03  Probe  
  71  6:06  Pylon  
  71  6:13  Probe  
  72  6:22  Probe  
  72  6:23  Colossus (Chrono Boost)  
  72  6:25  Twilight Council  
  76  6:35  Probe  
  76  6:37  Sentry x4  
  76  6:39  Probe, Nexus  
  86  6:40  Pylon  
  86  6:45  Pylon  
  86  6:46  Zealot  
  88  6:53  Probe  
  89  6:55  Pylon  
  89  7:01  Zealot x4  
  89  7:03  Observer (Chrono Boost)  
  92  7:25  Zealot x2  
  92  7:26  Zealot x3  
  102  7:32  Probe, Charge (Chrono Boost)  
  102  7:34  Probe  
  104  7:39  Forge  
  104  7:40  Pylon  
  104  7:47  Zealot x5  
  82  8:13  Zealot x2  
  82  8:14  Zealot x3  
  80  8:21  Probe  
  80  8:25  Colossus (Chrono Boost)  
  69  8:28  Probe  
  69  8:33  Gateway  
  76  8:35  Stalker, Gateway  
  76  8:36  Stalker x2  
  76  8:37  Probe  
  76  8:40  Probe  
  84  8:42  Nexus  
  84  8:47  Templar Archives  
  84  8:54  Probe  
  85  8:59  Probe  
  85  9:02  Protoss Ground Weapons Level 1 (Chrono Boost)  
  86  9:03  Pylon  
  86  9:06  Probe  
  86  9:07  Blink  
  87  9:12  Probe  
  87  9:13  Immortal (Chrono Boost)  
  92  9:18  Probe  
  93  9:24  Stalker  
  95  9:36  Probe  
  95  9:38  Stalker  
  98  9:40  Probe  
  97  9:46  Zealot x3  
  97  9:48  Probe  
  93  9:58  Probe  
  93  10:05  Probe  
  94  10:08  Pylon, High Templar x2  
  94  10:09  High Templar x2  
  94  10:10  High Templar x2  
  106  10:19  Archon x2  
  106  10:20  Archon  
  106  10:25  Zealot  
  108  10:35  Pylon  
  108  10:36  Probe  
  108  10:37  Pylon x2  
  108  10:39  Gateway  
  108  10:41  Gateway  
  109  10:43  Zealot x3  
  109  10:44  Probe  
  109  10:48  Zealot x4  
  124  10:55  Observer (Chrono Boost)  
  115  10:57  Probe  
  115  11:03  Probe  
  117  11:06  Stalker  
  117  11:10  Stalker  
  117  11:11  Stalker x2  
  125  11:16  Probe  
  126  11:28  Zealot x3  
  130  11:38  Zealot x5  
  118  11:42  Probe  
  118  11:43  Probe  
  118  11:45  Stalker  
  122  11:48  Stalker x3  
  127  12:04  Nexus  
  127  12:05  Stalker x2  
  127  12:06  Probe  
  132  12:09  Probe  
  132  12:10  Pylon x2  
  132  12:12  Pylon  
  133  12:18  Probe, Zealot x5  
  133  12:19  Zealot x2  
  144  12:41  Zealot x8  
  144  12:42  Zealot  
  144  13:04  Zealot x5  
  144  13:05  Zealot x4  
  119  13:27  Zealot x6  
  113  13:32  High Templar x2  
  91  13:49  Zealot x4  
  91  13:55  Zealot x2  
  85  13:56  Probe, Archon  
  85  13:59  Probe  
  85  14:01  Zealot  
  89  14:05  Zealot x2  
  89  14:11  Zealot x2  
  89  14:24  High Templar x2  
  89  14:25  High Templar x2  
  89  14:28  Archon  
  89  14:29  Archon  
  97  14:36  Warp Prism (Chrono Boost), Zealot x5  
  95  15:10  High Templar x2  
  95  15:11  Zealot x3, High Templar x2  
  95  15:12  Zealot x2  
  113  15:17  Archon x2  
  113  15:33  Zealot x3  
  113  15:34  Zealot x2  
  123  15:41  Zealot  
  123  15:42  Zealot x3  
  125  15:47  Zealot x4  
  69  16:06  Zealot x6  
  69  16:07  Zealot x3  
  69  16:08  Colossus (Chrono Boost)  
  69  16:09  Assimilator, Protoss Ground Armor Level 1 (Chrono Boost)  
  73  16:12  Assimilator  
  73  16:17  Probe  
  81  16:18  Probe  
  81  16:22  Dark Shrine  
  81  16:26  Stalker x2  
  81  16:27  Stalker x3  
  91  16:34  Stalker, Zealot  
  91  16:35  Zealot x2  
  99  16:51  Zealot  
  99  16:52  Zealot x4  
  107  16:57  Colossus (Chrono Boost)  
  107  16:58  Observer  
  113  17:14  Probe x3  
  116  17:15  Nexus  
  116  17:17  Pylon  
  116  17:20  Shield Battery  
  116  17:22  Sentry  
  116  17:23  Stalker, Sentry  
  116  17:24  Zealot x3  
  116  17:26  Probe  
  129  17:34  Observer  
  129  17:36  Dark Templar  
  131  17:45  Stalker  
  131  17:46  Pylon  
  133  17:52  Dark Templar  
  135  18:04  Stalker x3  
  135  18:19  Zealot x4  
  133  18:20  Zealot  
  133  18:23  Colossus (Chrono Boost)  
  129  18:37  Stalker x2  
  129  18:38  Stalker, Zealot  
  129  18:39  Zealot  
  129  18:40  Probe  
  134  18:42  Probe  
  134  18:44  Probe  
  134  18:45  Gateway x2  
  126  18:51  Zealot x4  
  128  19:08  Warp Prism (Chrono Boost)  
  118  19:16  High Templar x2  
  124  19:17  Zealot x5  
  124  19:18  Zealot  
  124  19:21  Archon  
  124  19:24  Zealot  
  130  19:53  High Templar x2  
  130  19:54  Dark Templar  
  130  19:55  Zealot x2  
  130  19:56  Zealot x5  
  130  19:57  Archon  
  118  20:11  Zealot  
  106  20:18  Zealot x3  
  108  20:31  Zealot x2  
  82  20:44  Dark Templar  
Tags
 
Add a new tag
Caveats
  • Supply blocks, unpowered buildings, or Contaminate may cause inaccurate times.
  • Supply counts are checked every 10 seconds.